 Dungeon Crawl Stone Soup version 0.28.0-47-ge53b351184 (webtiles) character file.

Game seed: 8542677493742395782

4 Bamboolord the Slasher (level 1, -1/16 HPs)
             Began as a Demonspawn Gladiator on May 8, 2022.
             Slain by a frilled lizard (2 damage)
             ... on level 1 of the Dungeon.
             The game lasted 00:00:30 (356 turns).

Bamboolord the Slasher (Demonspawn Gladiator)        Turns: 356, Time: 00:00:31

Health: -1/16      AC:  4    Str: 14    XL:     1   Next: 58%
Magic:  1/1        EV: 12    Int:  9    God:
Gold:   0          SH:  0    Dex: 14    Spells: 0/0 levels left

rFire   . . .      SeeInvis .   a - +0 long sword
rCold   . . .      Faith    .   (no shield)
rNeg    . . .      Spirit   .   b - +0 leather armour
rPois   .          Reflect  .   c - +0 helmet
rElec   .          Harm     .   (no cloak)
rCorr   .          Rampage  .   (no gloves)
Will    .....                   (no boots)
Stlth   +.........              (no amulet)
HPRegen 0.05/turn               (no ring)
MPRegen 0.07/turn               (no ring)

@: no status effects
A: no striking features
a: no special abilities


You were on level 1 of the Dungeon.
You visited 1 branch of the dungeon, and saw 1 of its levels.

Inventory:

Hand Weapons
 a - a +0 long sword (weapon)
Missiles
 d - 3 throwing nets (quivered)
Armour
 b - a +0 leather armour (worn)
 c - a +0 helmet (worn)
Scrolls
 e - a scroll of immolation {unknown}


   Skills:
 * Level 2.0 Fighting
 * Level 2.8 Long Blades
 * Level 1.8 Throwing
 * Level 0.1 Armour
 + Level 2.7 Dodging


You couldn't memorise any spells.
You didn't know any spells.
Your spell library was empty.

Dungeon Overview and Level Annotations

Branches:
Dungeon (1/15)

Altars:


Message History

You hit the endoplasm.
You kill the endoplasm!
The goblin barely misses you. The frilled lizard closely misses you.
The goblin completely misses you.
You miss the frilled lizard. The frilled lizard bites you.
The goblin closely misses you.
You closely miss the frilled lizard. The goblin hits you but does no damage.
The frilled lizard bites you but does no damage.
You hit the frilled lizard.
The frilled lizard is heavily wounded.
The goblin hits you with a +0 dagger.
The frilled lizard bites you but does no damage.
You closely miss the frilled lizard.
The frilled lizard is heavily wounded.
The goblin hits you but does no damage. The frilled lizard barely misses you.
The goblin closely misses you.
The frilled lizard bites you but does no damage.
You barely miss the frilled lizard.
The frilled lizard is heavily wounded.
The frilled lizard barely misses you. The goblin hits you with a +0 dagger.
You are too injured to fight recklessly!
You are too injured to fight recklessly!
You are too injured to fight recklessly!
You miss the frilled lizard.
The frilled lizard is heavily wounded.
The goblin barely misses you.
The frilled lizard bites you but does no damage.
You miss the frilled lizard.
The frilled lizard is heavily wounded.
The goblin hits you with a +0 dagger.
The frilled lizard bites you but does no damage.
You barely miss the frilled lizard.
The frilled lizard is heavily wounded.
The goblin hits you with a +0 dagger.
* * * LOW HITPOINT WARNING * * *
The frilled lizard bites you.
* * * LOW HITPOINT WARNING * * *
The goblin hits you but does no damage. The frilled lizard misses you.
The frilled lizard bites you.
You die...

#.#### ..##... ###.....
..8#... ##### ## ..^... ..##
#.# ###.. >.... . #.## #.#
#...# ..8# .. #.#
#.###...##..##... #.#
#.#.......g...... #.#
#.#.##..l........
#.#######.#.....@........
.(......#.####=..........
..........#####.....#####
.########...........#
....##########################
........ ....................#
....#####.#####..#############
....# # ###..########### ....#
#....###÷#8#÷#8#


You could see a goblin and a frilled lizard.

Vanquished Creatures
  An endoplasm (D:1)
  A hobgoblin (D:1)
  2 frilled lizards (D:1)
  A kobold (D:1)
5 creatures vanquished.

Notes
Turn   | Place    | Note
-------+----------+-------------------------------------------
     0 | D:1      | Bamboolord the Demonspawn Gladiator began the quest for the
                  | Orb.
     0 | D:1      | Reached XP level 1. HP: 16/16 MP: 1/1
   356 | D:1      | Slain by a frilled lizard

Illustrated notes

Levels and vault maps discovered:
D:1:      wander_arrival_abandoned_jail, layout_basic, serial_co_window_serial,
          co_window_paths_a, co_window_of_opportunity_a, co_window_paths_a,
          co_window_corner_a, co_window_paths_b, co_window_of_opportunity_a,
          co_window_of_opportunity_a, co_window_corner_cb, co_window_broadway_b,
          co_window_unsneaky_path_c, co_window_2corner, co_window_sun,
          shapermc_ecumenical_altar_starsandcircs, minivault_24,
          chequers_serial_rivers_micro_d, minmay_misc_feat_cross, st_stairs_6

Action                   || total
-------------------------++-------
Melee: Long sword        ||    24
Armor: Leather armour    ||    12
Dodge: Dodged            ||    14
